 Dungeon Crawl Stone Soup version 0.31-a0-259-g771a54ca4b (webtiles) character file.

Game seed: 7699767839117044856

3585 qw the Skirmisher (level 10, -1/63 HPs)
             Began as a Gargoyle Hexslinger on July 13, 2023.
             Was a Believer of Okawaru.
             Slain by a two-headed ogre
             ... wielding a +0 dire flail
              (18 damage)
             ... on level 7 of the Dungeon.
             The game lasted 00:02:25 (6668 turns).

qw the Skirmisher (Gargoyle Hexslinger)             Turns: 6668, Time: 00:02:26

Health: -1/63      AC: 15    Str: 12    XL:     10   Next: 10%
Magic:  12/13      EV: 15    Int: 14    God:    Okawaru [**....]
Gold:   356        SH:  0    Dex: 16    Spells: 10/11 levels left

rFire   . . .        g - +2 sling (heavy)
rCold   + . .        (no shield)
rNeg    + . .        a - +0 troll leather armour
rPois   inf          (no helmet)
rElec   +            i - +0 cloak
rCorr   .            (no gloves)
SInv    .            f - +0 pair of boots
Will    .....        (no amulet)
Stlth   +++          d - ring of protection from cold
HPRegen 1.10/turn    (no ring)
MPRegen 0.13/turn

%: no passive effects
@: heroic
A: sickness immunity, AC +7, negative energy resistance 1, electricity
resistance, torment resistance 1, petrification resistance
a: Renounce Religion, Heroism


You were on level 7 of the Dungeon.
You worshipped Okawaru.
Okawaru was pleased with you.
You visited 2 branches of the dungeon, and saw 9 of its levels.

You collected 356 gold pieces.


Innate Abilities, Weirdness & Mutations

You are immune to sickness and miasma.
Your stone body is resilient. (AC +7)
You are immune to poison.
You resist negative energy. (rN+)
You are resistant to electric shocks. (rElec)
You are resistant to unholy torment.
You are immune to petrification.


   Skills:
 + Level 7.6(12.6) Fighting
 - Level 11.0(16.0) Ranged Weapons
 - Level 3.2(8.2) Armour
 - Level 3.0(8.0) Dodging
 - Level 1.0 Spellcasting
 - Level 2.6 Hexes
 - Level 4.0 Invocations


You had 10 spell levels left.
You knew the following spells:

 Your Spells              Type           Power      Damage    Failure   Level
a - Slow                  Hex            32%        N/A       11%         1

Your spell library contained the following spells:

 Spells                   Type           Power      Damage    Failure   Level
 Inner Flame              Hex/Fire       4%         N/A       50%         3
 Portal Projectile        Hex/Tloc       8%         N/A       50%         3
 Cause Fear               Hex            4%         N/A       71%         4

Inventory:

Hand Weapons
 g - a +2 heavy sling (weapon)
Armour
 a - a +0 troll leather armour (worn)
 f - a +0 pair of boots (worn)
 i - a +0 cloak (worn)
 o - a +1 leather armour of fire resistance
Jewellery
 d - a ring of protection from cold (left hand)
Scrolls
 b - a scroll of identify
 c - a scroll of brand weapon
Potions
 e - a potion of mutation
 j - a potion of resistance
 k - 2 potions of haste
 l - a potion of curing

Dungeon Overview and Level Annotations

Branches:
Dungeon (8/15)             Temple (1/1) D:5
   Lair: D:8-11

Altars:
Ashenzari
Cheibriados
Dithmenos
Elyvilon
Gozag
Hepliaklqana
Kikubaaqudgha
Makhleb
Nemelex Xobeh
Okawaru
Ru
Sif Muna
Trog
Vehumet
Wu Jian
Xom
Yredelemnul
Zin

Annotations:
D:5 1 runed translucent door, Crazy Yiuf


Message History

You climb upwards.
There is a stone staircase leading down here.
6662 ||| INVOKING Heroism.
You gain the combat prowess of a mighty hero.
The orc wizard hits you but does no damage.
The orc misses you.
You shoot a sling bullet.
The sling bullet hits the two-headed ogre.
The two-headed ogre is lightly wounded.
The orc wizard casts a spell.
The orc wizard flickers and vanishes!
Deactivating autopickup; reactivate with Ctrl-A.
The orc closely misses you.
The two-headed ogre hits you with a +0 dire flail!!
The two-headed ogre closely misses you.
You shoot a sling bullet.
The sling bullet hits the two-headed ogre.
The two-headed ogre is lightly wounded.
Something hits you but does no damage. The orc hits you but does no damage.
The two-headed ogre barely misses you. The two-headed ogre misses you.
You shoot a sling bullet.
The sling bullet hits the two-headed ogre!
The two-headed ogre is moderately wounded.
Something hits you but does no damage. The orc hits you but does no damage.
You shoot a sling bullet.
The sling bullet hits the two-headed ogre.
The two-headed ogre is heavily wounded.
Something hits you but does no damage. The orc barely misses you.
The two-headed ogre misses you. x2
You shoot a sling bullet.
The sling bullet hits the two-headed ogre.
The two-headed ogre is heavily wounded.
Something hits you but does no damage. The orc misses you.
The two-headed ogre hits you with a +0 dire flail!
The two-headed ogre closely misses you.
You shoot a sling bullet.
The sling bullet barely misses the two-headed ogre.
Something hits you. The orc hits you but does no damage.
The two-headed ogre hits you with a +0 dire flail!!
You die...

#.# #...# #####.#)##
#####.#######...####### #.....
....).#>..............########.#.
..##.....................#.......
..##.##...............##...###.#.
..##.########...########.......#.
..##.# #...# #.######## ..##.#
####..{########.#### ..##.#
#.....)@O.##..[....# ..##.#
#.##..)#o.....#.##.# ...#.#
#.##)..#..##..#.##<#### .....#
#.###.##>.##..#.......#
...#######.# #.........####.##.#
.%#........# ####..#...####.##.##
.#.....###.######...........##...
##......##.......#.#.############
##.....................#


You could see a two-headed ogre and an orc.

Vanquished Creatures
  Joseph (D:7)
  Maggie (D:7)
  Eustachio (D:5)
  A steam dragon (D:7)
  Edmund (D:5)
  A water moccasin (D:6)
  An orc warrior (D:7)
  A sky beast (D:6)
  2 black bears (D:6)
  4 centaurs
  An ogre (D:7)
  A phantom (D:7)
  A bullfrog (D:7)
  A scorpion (D:6)
  8 wights
  5 howler monkeys
  5 hounds
  3 jellies
  A gnoll bouda (D:8)
  4 orc priests
  A sleepcap (D:5)
  Jessica (D:2)
  2 iguanas
  Natasha (thrice) (D:2)
  7 orc wizards
  7 gnolls
  5 adders
  3 ufetubi
  3 worms
  2 dart slugs (D:4)
  25 orcs
  7 ball pythons
  4 bats
  4 endoplasms
  A giant cockroach (D:2)
  4 goblins
  9 hobgoblins
  5 kobolds
  A quokka (D:3)
  7 frilled lizards
  2 rats (D:1)
147 creatures vanquished.

Notes
Turn   | Place    | Note
-------+----------+-------------------------------------------
     0 | D:1      | qw the Gargoyle Hexslinger began the quest for the Orb.
     0 | D:1      | Reached XP level 1. HP: 12/12 MP: 2/2
     0 | D:1      | 0 ||| qw: Version: 0.3-a-52-g30416fa
     0 | D:1      | 0 ||| qw: Game counter: 6830
     0 | D:1      | 0 ||| qw: Melee chars always use a shield: true
     0 | D:1      | 0 ||| qw: God list: Okawaru
     0 | D:1      | 0 ||| qw: Allow faded altars: false
     0 | D:1      | 0 ||| qw: Do Orc after clearing Dungeon:15 true
     0 | D:1      | 0 ||| qw: Do second Lair branch before Depths: true
     0 | D:1      | 0 ||| qw: Lair rune preference: random
     0 | D:1      | 0 ||| qw: Goals: Normal
     0 | D:1      | 0 ||| PLANNING D:1-11
    81 | D:1      | Reached XP level 2. HP: 16/16 MP: 3/3
   900 | D:1      | 900 ||| UPGRADING to +0 ring mail.
   910 | D:1      | 910 ||| DROPPING +0 robe.
   911 | D:1      | 911 ||| READING scroll labelled TIALING YNESA.
   912 | D:1      | 912 ||| READING scroll labelled DUACOR BATH.
  1013 | D:1      | 1013 ||| READING scroll labelled LUOSMO MIJI.
  1014 | D:1      | 1014 ||| DROPPING scroll of poison.
  1022 | D:2      | Reached skill level 3 in Ranged Weapons
  1025 | D:2      | Noticed Jessica
  1028 | D:2      | Killed Jessica
  1029 | D:2      | Reached XP level 3. HP: 22/22 MP: 4/4
  1078 | D:2      | Reached XP level 4. HP: 27/27 MP: 5/5
  1462 | D:2      | Noticed Natasha
  1467 | D:2      | Killed Natasha
  1468 | D:2      | Reached skill level 4 in Ranged Weapons
  1649 | D:2      | Noticed Natasha
  1654 | D:2      | Killed Natasha
  1655 | D:2      | Reached skill level 1 in Armour
  1655 | D:2      | Reached XP level 5. HP: 25/31 MP: 6/6
  1709 | D:2      | Found an opulent altar of Gozag.
  1809 | D:2      | Noticed Natasha
  1817 | D:2      | Killed Natasha
  1969 | D:2      | 1969 ||| UPGRADING to +0 pair of boots.
  1974 | D:2      | 1974 ||| UPGRADING to +0 cloak.
  1979 | D:2      | 1979 ||| UPGRADING to ring of protection from cold.
  1980 | D:2      | 1980 ||| READING 2 scrolls labelled ZIGUAS WOTIK.
  1981 | D:2      | 1981 ||| READING 2 scrolls labelled GOFROLOMUY.
  1982 | D:2      | 1982 ||| READING scroll labelled HUWYICIM YXOSI.
  1983 | D:2      | 1983 ||| READING scroll labelled FERAMA ROMAPH.
  1984 | D:2      | 1984 ||| DRINKING 3 fizzy inky potions.
  1990 | D:2      | 1990 ||| DROPPING 2 potions of ambrosia.
  1991 | D:2      | 1991 ||| DROPPING scroll of blinking.
  2630 | D:3      | Found a bloodstained altar of Trog.
  2656 | D:3      | 2656 ||| READING 3 scrolls labelled AGOCIZ KIZU.
  2660 | D:3      | 2660 ||| READING 4 scrolls of identify.
  2660 | D:3      | 2660 ||| IDENTIFYING grey potion
  2661 | D:3      | 2661 ||| READING 3 scrolls of identify.
  2661 | D:3      | 2661 ||| IDENTIFYING fuming green potion
  2662 | D:3      | 2662 ||| READING 2 scrolls of identify.
  2662 | D:3      | 2662 ||| IDENTIFYING metallic white potion
  2680 | D:4      | 2680 ||| STAIRDANCE
  2691 | D:3      | Reached skill level 5 in Ranged Weapons
  2736 | D:4      | Reached XP level 6. HP: 36/36 MP: 7/7
  2867 | D:4      | Reached skill level 3 in Fighting
  2871 | D:4      | HP: 9/37 [gnoll/+0 spear (3)]
  2872 | D:4      | 2872 ||| READING 3 scrolls of teleportation.
  2873 | D:4      | 2873 ||| DRINKING potion of heal wounds.
  3204 | D:4      | 3204 ||| DRINKING 2 viscous yellow potions.
  3205 | D:4      | 3205 ||| DROPPING potion of brilliance.
  3215 | D:5      | Entered Level 5 of the Dungeon
  3238 | D:5      | Reached skill level 6 in Ranged Weapons
  3294 | D:5      | 3294 ||| DRINKING potion of curing.
  3294 | D:5      | 3294 ||| (to cure confusion)
  3343 | D:5      | Found a staircase to the Ecumenical Temple.
  3344 | D:5      | 3344 ||| PLANNING TEMPLE
  3352 | Temple   | Entered the Ecumenical Temple
  3426 | Temple   | 3426 ||| PLANNING OKAWARU WORSHIP
  3446 | Temple   | Became a worshipper of Warmaster Okawaru
  3447 | Temple   | 3447 ||| PLANNING D:1-11
  3507 | D:5      | Reached XP level 7. HP: 41/42 MP: 8/8
  3595 | D:5      | Found a runed translucent door.
  3596 | D:5      | Noticed Crazy Yiuf
  3750 | D:5      | Noticed Eustachio
  3758 | D:5      | Killed Eustachio
  3758 | D:5      | Reached * piety under Okawaru
  3759 | D:5      | Reached skill level 7 in Ranged Weapons
  3834 | D:5      | Reached skill level 1 in Invocations
  3913 | D:5      | Found a shadowy altar of Dithmenos.
  3945 | D:5      | Noticed Edmund
  3946 | D:5      | 3946 ||| INVOKING Heroism.
  3957 | D:5      | HP: 6/43 [Edmund/+2 flail of protection (7)]
  3958 | D:5      | 3958 ||| READING 3 scrolls of teleportation.
  3959 | D:5      | 3959 ||| INVOKING Heroism.
  4149 | D:5      | Killed Edmund
  4150 | D:5      | Reached XP level 8. HP: 37/48 MP: 9/9
  4361 | D:5      | 4361 ||| READING scroll labelled VATOGI TUSO.
  4362 | D:5      | 4362 ||| READING 2 scrolls of identify.
  4362 | D:5      | 4362 ||| IDENTIFYING metallic coppery potion
  4363 | D:5      | 4363 ||| DROPPING potion of lignification.
  4396 | D:6      | 4396 ||| INVOKING Heroism.
  4403 | D:6      | Reached skill level 8 in Ranged Weapons
  4595 | D:6      | Reached skill level 3 in Invocations
  4844 | D:6      | 4844 ||| INVOKING Heroism.
  4844 | D:6      | HP: 10/49 [wight/+0 spear (3)]
  4845 | D:6      | 4845 ||| READING 2 scrolls of teleportation.
  4847 | D:6      | HP: 1/49 [wight/+0 great sword (6)]
  5035 | D:6      | 5035 ||| INVOKING Heroism.
  5037 | D:6      | HP: 12/49 [killer bee (4)]
  5038 | D:6      | 5038 ||| READING scroll of teleportation.
  5181 | D:6      | 5181 ||| FLEEEEING.
  5182 | D:6      | 5182 ||| FLEEEEING.
  5183 | D:6      | 5183 ||| FLEEEEING.
  5184 | D:6      | 5184 ||| FLEEEEING.
  5185 | D:6      | 5185 ||| FLEEEEING.
  5186 | D:6      | 5186 ||| FLEEEEING.
  5187 | D:6      | 5187 ||| FLEEEEING.
  5268 | D:6      | 5268 ||| FLEEEEING.
  5270 | D:6      | 5270 ||| INVOKING Heroism.
  5274 | D:6      | HP: 12/49 [iguana (5)]
  5275 | D:6      | HP: 5/49 [centaur (3)]
  5280 | D:6      | Reached skill level 9 in Ranged Weapons
  5455 | D:6      | Reached XP level 9. HP: 47/54 MP: 12/12
  5456 | D:6      | 5456 ||| FLEEEEING.
  5457 | D:6      | 5457 ||| FLEEEEING.
  5743 | D:6      | 5743 ||| INVOKING Heroism.
  5748 | D:6      | Reached skill level 6 in Fighting
  5846 | D:6      | 5846 ||| UPGRADING to +0 troll leather armour.
  5856 | D:6      | 5856 ||| DROPPING +0 ring mail.
  5857 | D:6      | 5857 ||| DROPPING scarf of harm.
  5879 | D:7      | 5879 ||| INVOKING Heroism.
  5882 | D:7      | 5882 ||| Stepping ~*~*~tactically~*~*~ (cloud).
  5900 | D:7      | 5900 ||| INVOKING Heroism.
  5971 | D:7      | 5971 ||| INVOKING Heroism.
  6038 | D:7      | Reached skill level 10 in Ranged Weapons
  6270 | D:7      | Identified the +0 robe of Indemnity {-Cast rN++ SInv}
  6356 | D:7      | 6356 ||| Stepping ~*~*~tactically~*~*~ (outnumbered).
  6358 | D:7      | 6358 ||| INVOKING Heroism.
  6360 | D:7      | 6360 ||| Stepping ~*~*~tactically~*~*~ (outnumbered).
  6360 | D:7      | Noticed Maggie
  6365 | D:7      | Reached skill level 3 in Dodging
  6365 | D:7      | Noticed Joseph
  6376 | D:7      | Killed Maggie
  6376 | D:7      | Reached ** piety under Okawaru
  6391 | D:7      | 6391 ||| INVOKING Heroism.
  6392 | D:7      | Killed Joseph
  6393 | D:7      | Reached XP level 10. HP: 29/63 MP: 10/13
  6560 | D:7      | 6560 ||| DROPPING +0 ring mail of fire resistance.
  6561 | D:7      | 6561 ||| DROPPING +0 robe of Indemnity {-Cast rN++ SInv}.
  6562 | D:7      | 6562 ||| DRINKING 3 green potions.
  6563 | D:7      | 6563 ||| READING 3 scrolls of identify.
  6563 | D:7      | 6563 ||| IDENTIFYING sapphire potion
  6564 | D:7      | 6564 ||| READING 2 scrolls of identify.
  6564 | D:7      | 6564 ||| IDENTIFYING orange potion
  6565 | D:7      | 6565 ||| DROPPING potion of degeneration.
  6591 | D:8      | 6591 ||| INVOKING Heroism.
  6603 | D:8      | Reached skill level 11 in Ranged Weapons
  6611 | D:8      | 6611 ||| STAIRDANCE
  6614 | D:7      | Reached skill level 3 in Armour
  6617 | D:7      | 6617 ||| INVOKING Heroism.
  6659 | D:8      | Noticed a two-headed ogre
  6660 | D:8      | 6660 ||| STAIRDANCE
  6662 | D:7      | 6662 ||| INVOKING Heroism.
  6668 | D:7      | Slain by a two-headed ogre

Levels and vault maps discovered:
D:1:      mrwooster_arrival_statue_2, layout_basic
D:2:      layout_loops_ring, basic_altar, uniq_natasha, uniq_jessica
D:3:      minmay_general_purpose_star, layout_loops_ring, trog_antimagical
D:4:      layout_rooms
D:5:      layout_basic, old_standard_altar, temple_hall, uniq_eustachio,
          uniq_edmund, uniq_crazy_yiuf_cottage
D:6:      black_bear_nest_1, layout_loops_cross, serial_glass, glass_columns_a,
          glass_columns_b, due_unseen_surprise, feat_on_display,
          feat_on_display, item_on_display_a
D:7:      layout_loops_cross, nicolae_the_louvre, uniq_maggie, uniq_joseph
D:8:      layout_basic, lair_entry_dummy, st_stairs_6, palyth_stone_intersect
Temple:   kb_temple_of_zot

Skill      XL: |  1  2  3  4  5  6  7  8  9 10 |
---------------+-------------------------------+-----
Ranged Weapons | 3 4 5 6 7 9 10 11 | 11.0
Fighting       | 2 3 4 5 7 |  7.6
Armour         | 1 2 3 |  3.2
Invocations    | 1 4 |  4.0
Dodging        | 2 3 |  3.0
Spellcasting   | |  1.0
Hexes          | |  2.6

Action                     |  1- 3 |  4- 6 |  7- 9 | 10-12 || total
---------------------------+-------+-------+-------+-------++-------
   Fire: Sling             |    41 |   181 |   247 |    39 ||   508
 Invoke: Heroism           |       |       |    12 |     3 ||    15
    Use: Scroll            |     3 |     9 |     5 |     2 ||    19
         Potion            |       |     4 |       |     1 ||     5
 Armour: Robe              |     1 |       |       |       ||     1
         Ring mail         |     4 |    83 |    85 |       ||   172
         Troll leather arm |       |       |    34 |    31 ||    65
  Dodge: Dodged            |     6 |    86 |   157 |    55 ||   304

Table legend:
 A = Non-vault XP
 B = Vault XP
 C = Vault XP percentage of total XP
 D = Non-vault monster count
 E = Vault monster count
 F = Vault count percentage of total count
                 A         B        C        D         E       F
            +---------+---------+-------+---------+---------+-------
      Total |    3741 |    1381 |  27.0 |     134 |      13 |   8.8
            +---------+---------+-------+---------+---------+-------
        D:1 |      18 |       0 |   0.0 |      11 |       0 |   0.0
        D:2 |     113 |      73 |  39.2 |      13 |       2 |  13.3
        D:3 |     100 |      12 |  10.7 |      18 |       6 |  25.0
        D:4 |     179 |       0 |   0.0 |      20 |       0 |   0.0
        D:5 |     371 |     360 |  49.2 |      18 |       2 |  10.0
        D:6 |    1329 |     128 |   8.8 |      17 |       1 |   5.6
        D:7 |    1408 |     808 |  36.5 |      32 |       2 |   5.9
        D:8 |     223 |       0 |   0.0 |       5 |       0 |   0.0
            +---------+---------+-------+---------+---------+-------
